 Dungeon Crawl Stone Soup version 0.31-a0-845-g9abc20d24f (webtiles) character file.

Game seed: 17372802439518120278

617 BinkBink the Firebug (level 7, -3/41 HPs)
             Began as an Octopode Fire Elementalist on Oct 2, 2023.
             Slain by an ice beast (10 damage)
             ... on level 5 of the Dungeon.
             The game lasted 00:11:55 (4631 turns).

BinkBink the Firebug (Octopode Fire Elementalist)   Turns: 4631, Time: 00:11:56

Health: -3/41      AC:  1    Str: 12    XL:     7   Next: 45%
Magic:  9/13       EV: 13    Int: 20    God:
Gold:   228        SH:  0    Dex: 10    Spells: 7/14 levels left

rFire   . . .        s - +9 great sword of Fiush {heavy, rPois Str+5 Dex-2 SInv}
rCold   . . .        (shield currently unavailable)
rNeg    . . .        (helmet restricted)
rPois   +            (no amulet)
rElec   .            c - ring of ice
rCorr   .            f - ring of willpower
SInv    +            m - ring of fire
Will    +....        (no ring)
Stlth   +++          (no ring)
HPRegen 0.26/turn    (no ring)
MPRegen 0.13/turn    (no ring)
                     (no ring)

%: no passive effects
@: no status effects
A: almost no armour, amphibious, 8 rings, camouflage 1, gelatinous body 1,
(nimble swimmer 1), tentacles
a: no special abilities


You were on level 5 of the Dungeon.
You visited 1 branch of the dungeon, and saw 5 of its levels.

You collected 228 gold pieces.

Inventory:

Hand Weapons
 s - the +9 great sword of Fiush (weapon) {heavy, rPois Str+5 Dex-2 SInv}
   (You found it on level 5 of the Dungeon)

   Str+5:     It affects your strength (+5).
   Dex-2:     It affects your dexterity (-2).
   rPois:     It protects you from poison SInv: It lets you see invisible.
Missiles
 p - 2 throwing nets
Jewellery
 c - a ring of ice (left tentacle)
 f - a ring of willpower (right tentacle)
 m - a ring of fire (on tentacle)
Scrolls
 d - 2 scrolls of fear {unknown}
 e - a scroll of revelation {unknown}
 g - 3 scrolls of immolation {unknown}
 h - a scroll of amnesia {unknown}
 i - 4 scrolls of identify {unknown}
 n - a scroll of fog {unknown}
 q - a scroll of acquirement {unknown}
 r - a scroll of noise {unknown}
Potions
 a - 2 potions of magic
 b - a potion of heal wounds {unknown}
 j - 2 potions of curing {unknown}
 k - a potion of lignification {unknown}
 l - a potion of brilliance {unknown}
 o - 3 potions of might {unknown}
 t - 2 potions of haste {unknown}


   Skills:
 + Level 0.5 Long Blades
 - Level 2.0 Dodging
 - Level 2.6 Stealth
 + Level 4.0 Spellcasting
 - Level 3.3 Conjurations
 + Level 6.1 Fire Magic
 + Level 1.7 Air Magic


You had 7 spell levels left.
You knew the following spells:

 Your Spells              Type           Power      Damage    Failure   Level
a - Foxfire               Conj/Fire      100%       2x1d9     1%          1
b - Plasma Beam           Fire/Air       14%        2x1d25    98%         6

Your spell library contained the following spells:

 Spells                   Type           Power      Damage    Failure   Level
 Scorch                   Fire           84%        2d8       1%          2
 Magic Dart               Conj           68%        1d6       3%          1
 Searing Ray              Conj           34%        2d5       4%          2
 Inner Flame              Hex/Fire       24%        N/A       11%         3
 Volatile Blastmotes      Fire/Tloc      48%        2d14      11%         3
 Freeze                   Ice            24%        1d4       13%         1
 Hailstorm                Conj/Ice       16%        3d6       19%         3
 Flame Wave               Conj/Fire      34%        2d10      19%         4
 Frozen Ramparts          Ice            12%        1d2       36%         3
 Fulminant Prism          Conj/Hex       5%         3d7       54%         4
 Starburst                Conj/Fire      17%        6d6       95%         6


Dungeon Overview and Level Annotations

Branches:
Dungeon (5/15)             Temple (0/1) D:5

Altars:
Ashenzari
Cheibriados
Elyvilon
Makhleb
Okawaru
Sif Muna
Uskayaw
Wu Jian
Yredelemnul
The Shining One

Shops:
D:2 *

Annotations:
D:3 3 runed translucent doors, BinkBink's ghost, amateur MiMo
D:4 1 runed translucent door, nms23's ghost, amateur DsCj


Innate Abilities, Weirdness & Mutations

You cannot wear most types of armour.
You are amphibious.
You can wear up to eight rings at the same time.
Your skin changes colour to match your surroundings (Stealth+).
Your rubbery body absorbs attacks. (AC +1, EV +1)
((You are camouflaged when in or above water. (Stealth+)))
You have tentacles for arms and can constrict up to eight enemies at once.


Message History

You now have 228 gold pieces (gained 9).
You hear the rusting of a drain nearby.
As you open the door, it creaks loudly!
An ice beast comes into view.
You hear a shout!
Found a staircase to the Ecumenical Temple.
There is an open door here.
Found a scroll labelled IJYCLY XEBRUON.
You feel a surge of power!
You conjure some foxfire!
The ice beast completely misses you.
You feel a surge of power!
You conjure some foxfire!
The foxfire hits the ice beast but does no damage.
The foxfire hits the ice beast.
The ice beast melts!
The ice beast is moderately wounded.
The ice beast hits you. The ice beast freezes you!
You feel a surge of power!
You conjure some foxfire!
The foxfire hits the ice beast!
The ice beast melts!
The ice beast is heavily wounded.
The foxfire hits the ice beast but does no damage.
The ice beast is heavily wounded.
The ice beast hits you. The ice beast freezes you!
* * * LOW HITPOINT WARNING * * *
Your foxfire dissipates!
The foxfire hits the ice beast.
The ice beast melts!
The ice beast is severely wounded.
There is an open door here.
You are too injured to fight recklessly!
Casting: Foxfire (safe; 1% risk of failure)
Press: ? - help, Q - select action, (/) - cycle Dir - look around, f - activate You feel a surge of power!
You conjure some foxfire!
The ice beast misses you.
The foxfire hits the ice beast.
The ice beast melts!
The ice beast is severely wounded.
The foxfire hits the ice beast.
The ice beast melts!
The ice beast is almost dead.
The ice beast attacks as it pursues you!
The ice beast hits you.
* * * LOW HITPOINT WARNING * * *
The ice beast freezes you!
You die...

#........ #.....#
#.......#########.....#
#.......##......#.....#
#...............+.....#
#...............#..8>8#
................#.....#
......####..##..#.....#
#.....####..##..##'#§......
##..........#...@Y.+.......
.##.........#...§§.#......?
..##........#......#.......
#..###...#####.....#.......
..# ...#.... #.....#.......
.##.........########.......
+#....##.....# .... #.....#
.#... +#####


You could see an ice beast.

Vanquished Creatures
  A sky beast (D:4)
  A howler monkey (D:4)
  4 hounds
  A gnoll bouda (D:4)
  An iguana (D:4)
  A sleepcap (D:5)
  An orc wizard (D:4)
  10 adders
  3 gnolls (D:4)
  3 dart slugs
  21 orcs
  3 bats
  15 endoplasms
  2 giant cockroaches
  4 goblins
  11 hobgoblins
  10 jackals (D:1)
  2 quokkas
  7 ball pythons
  3 frilled lizards (D:1)
  5 kobolds
  A rat (D:2)
110 creatures vanquished.

Vanquished Creatures (others)
  400 foxfires
400 creatures vanquished.

Grand Total: 510 creatures vanquished

Notes
Turn   | Place    | Note
-------+----------+-------------------------------------------
     0 | D:1      | BinkBink the Octopode Fire Elementalist began the quest for
                  | the Orb.
     0 | D:1      | Reached XP level 1. HP: 11/11 MP: 3/3
   190 | D:1      | Reached XP level 2. HP: 17/17 MP: 1/5
   711 | D:1      | Reached XP level 3. HP: 21/21 MP: 4/6
  1309 | D:2      | Found Soecaar's Assorted Antiques.
  1366 | D:2      | Reached skill level 4 in Fire Magic
  1366 | D:2      | Reached XP level 4. HP: 27/27 MP: 4/7
  2231 | D:3      | Reached XP level 5. HP: 13/31 MP: 5/9
  2348 | D:3      | Found a basalt altar of Yredelemnul.
  2355 | D:3      | Found a snail-covered altar of Cheibriados.
  2355 | D:3      | Found a hide-covered altar of Uskayaw.
  2805 | D:3      | Found a runed translucent gate.
  2805 | D:3      | Found a runed translucent gate.
  2806 | D:3      | Found a runed translucent gate.
  2813 | D:3      | Noticed BinkBink's ghost (amateur MiMo)
  3036 | D:4      | Reached skill level 5 in Fire Magic
  3036 | D:4      | Reached XP level 6. HP: 36/36 MP: 6/10
  3077 | D:4      | Found a shimmering blue altar of Sif Muna.
  3078 | D:4      | Found a burning altar of Makhleb.
  3082 | D:4      | Found a broken altar of Ashenzari.
  3082 | D:4      | Found an ornate altar of the Wu Jian Council.
  3082 | D:4      | Found an iron altar of Okawaru.
  3322 | D:4      | Noticed a sky beast
  3329 | D:4      | Killed a sky beast
  3457 | D:4      | Learned a level 6 spell: Plasma Beam
  3474 | D:4      | Found a white marble altar of Elyvilon.
  3657 | D:4      | Reached XP level 7. HP: 41/41 MP: 2/12
  3889 | D:4      | Reached skill level 1 in Air Magic
  3925 | D:4      | Noticed nms23's ghost (amateur DsCj)
  4013 | D:4      | Reached skill level 6 in Fire Magic
  4101 | D:4      | Found a runed translucent door.
  4351 | D:5      | Entered Level 5 of the Dungeon
  4375 | D:5      | Identified the +9 great sword of Fiush {heavy, rPois Str+5
                  | Dex-2 SInv}
  4535 | D:5      | Found a glowing golden altar of the Shining One.
  4622 | D:5      | Found a staircase to the Ecumenical Temple.
  4631 | D:5      | Slain by an ice beast

Illustrated notes

Levels and vault maps discovered:
D:1:      ncdulo_watergridlock, layout_basic
D:2:      layout_rooms, serial_shops,
          nicolae_shop_temple_entry_statues_fountains, kennysheep_nondescript
D:3:      layout_basic, gammafunk_temple_overflow_forgotten,
          gammafunk_ghost_necromancy, corexii_item_surrounded_by_moat
D:4:      layout_basic, grunt_temple_overflow_open,
          nicolae_overflow_crystal_walls, hellmonk_ghost_happy_afterlife,
          dk_noncrumbling_2
D:5:      layout_gridville, tso_metal_star, grunt_dithmenos_shadows,
          temple_statues, cheibrodos_sewer_entry_sluice, uniq_edmund

Skill      XL: |  1  2  3  4  5  6  7 |
---------------+----------------------+-----
Conjurations   | 2 3 |  3.3
Fire Magic     | 4 5 6 |  6.1
Spellcasting   | 3 4 |  4.0
Air Magic      | 1 |  1.7
Long Blades    | |  0.5
Dodging        | |  2.0
Stealth        | |  2.6

Action                     |  1- 3 |  4- 6 |  7- 9 || total
---------------------------+-------+-------+-------++-------
  Melee: Unarmed           |     5 |       |       ||     5
         Constrict         |     2 |       |       ||     2
         Tentacles         |     1 |       |       ||     1
   Cast: Foxfire           |    56 |   115 |    57 ||   228
 Armour: Skin              |    25 |    14 |     9 ||    48
  Dodge: Dodged            |    43 |    13 |     3 ||    59

Table legend: (Time is in decaauts)
 A = Elapsed time spent in this place.
 B = Non-inter-level travel time spent in this place.
 C = Inter-level travel time spent in this place.
 D = Time resting spent in this place.
 E = Time spent auto-exploring this place.
 F = Levels seen in this place.
 G = Mean time per level.
                   A        B        C        D        E       F      G
               +--------+--------+--------+--------+--------+-----+--------+
         Total |   4628 |   4509 |    119 |      0 |   3761 |   5 |  925.6 |
       Dungeon |   4628 |   4509 |    119 |      0 |   3761 |   5 |  925.6 |
               +--------+--------+--------+--------+--------+-----+--------+

Top non-repeatable levels by time:
     D:1: 1302 daAuts
     D:4: 1154 daAuts
     D:3: 1103 daAuts
     D:2: 789 daAuts
     D:5: 279 daAuts
